 Dungeon Crawl Stone Soup version 0.31-a0-303-gdc8c9485ea (webtiles) character file.

Game seed: 3238135455617499141

12117 avis the Severer (level 11, -5/86 HPs)
             Began as a Hill Orc Monk on July 16, 2023.
             Was a High Priest of Beogh.
             Slain by a ten-headed hydra (6 damage)
             ... on level 1 of the Lair of Beasts.
             The game lasted 01:18:38 (12335 turns).

avis the Severer (Hill Orc Monk)                   Turns: 12335, Time: 01:18:38

Health: -5/86      AC: 18    Str: 22    XL:     11   Next: 88%
Magic:  22/22      EV:  7    Int: 10    God:    Beogh [*****.]
Gold:   238        SH:  4    Dex: 13    Spells: 10/10 levels left

rFire   + + .        w - +16 obsidian axe {drain, demonic, Mesm Drain Fly SInv}
rCold   + . .        n - +0 buckler
rNeg    . . .        K - +1 plate armour {rF+}
rPois   .            q - +0 helmet
rElec   .            Q - +2 cloak {rCorr}
rCorr   +            g - +0 pair of gloves
SInv    +            G - +0 pair of boots
Will    .....        k - amulet of Faod {Faith Str+3 SInv Stlth-} Stlth
                     y - ring of protection from fire
HPRegen 0.34/turn    F - ring of protection from cold
MPRegen 0.18/turn

%: faith
@: flying, mesmerised
A: walk on water
a: Renounce Religion, Smiting, Recall Orcish Followers, Give Item to Named
Follower


You were on level 1 of the Lair of Beasts.
You worshipped Beogh.
Beogh was extremely pleased with you.
You visited 3 branches of the dungeon, and saw 11 of its levels.
You also visited: Bailey.

You collected 518 gold pieces.
You spent 280 gold pieces at shops.

Inventory:

Hand Weapons
 w - the +16 obsidian axe (weapon) {drain, demonic, Mesm Drain Fly SInv}
   (You acquired it on level 5 of the Dungeon)

   Mesm:      Its wielder is mesmerised by any visible foes, and it cannot be
   unequipped while any foes are visible.
   SInv:      It lets you see invisible.
   Fly:       It grants you flight.
   Drain:     It drains your maximum health when unequipped.
Missiles
 o - a curare-tipped dart
 p - 8 poisoned darts (quivered)
 T - 3 boomerangs
Armour
 g - a +0 pair of gloves (worn)
 n - a +0 buckler (worn)
 q - a +0 helmet (worn)
 G - a +0 pair of boots (worn)
 K - a +1 plate armour of fire resistance (worn)
 Q - a +2 cloak of preservation (worn)
Jewellery
 b - a ring of see invisible
 k - the amulet of Faod (around neck) {Faith Str+3 SInv Stlth-}
   (You acquired it on level 5 of the Dungeon)

   [amulet of faith]

   It allows you to gain divine favour quickly.
   Str:       It affects your strength (+3).
   SInv:      It lets you see invisible.
   Stlth:     It makes you less stealthy.
 y - a ring of protection from fire (left hand)
 F - a ring of protection from cold (right hand)
Talismans
 x - a beast talisman
Wands
 d - a wand of polymorph (8)
 t - a wand of light (4)
Scrolls
 a - a scroll of vulnerability {unknown}
 h - 3 scrolls of blinking
 j - a scroll of brand weapon {unknown}
 l - 3 scrolls of revelation {unknown}
 v - a scroll of torment {unknown}
 B - a scroll of fear {unknown}
 C - 2 scrolls of noise {unknown}
 I - 2 scrolls of amnesia {unknown}
 J - 6 scrolls of teleportation {unknown}
Potions
 c - 2 potions of ambrosia
 e - a potion of lignification
 f - a potion of enlightenment
 i - a potion of brilliance
 m - 5 potions of curing
 s - 3 potions of haste
 R - a potion of degeneration {unknown}


   Skills:
 - Level 5.0 Fighting
 * Level 17.4 Axes
 - Level 3.0 Armour
 - Level 3.0 Dodging
 - Level 3.0 Shields
 - Level 15.0 Invocations


You had 10 spell levels left.
You didn't know any spells.
Your spell library contained the following spells:

 Spells                   Type           Power      Damage    Failure   Level
 Shock                    Conj/Air       0%         1d3       100%        1
 Swiftness                Air            0%         N/A       100%        3
 Airstrike                Air            0%         2d(0-16)  100%        4
 Animate Armour           Summ/Erth      0%         N/A       100%        4
 Summon Lightning Spire   Summ/Air       0%         N/A       100%        4
 Lee's Rapid Deconstruct  Erth           0%         3d4*      100%        5


Dungeon Overview and Level Annotations

Branches:
Dungeon (8/15)             Temple (1/1) D:5            Lair (2/5) D:8
 Spider (0/4) Lair:2       Bailey (visited)
  Swamp: Lair:2-3    Shoals: Lair:2-3

Altars:
Ashenzari
Cheibriados
Dithmenos
Elyvilon
Fedhas
Gozag
Hepliaklqana
Kikubaaqudgha
Makhleb
Nemelex Xobeh
Okawaru
Qazlal
Ru
Sif Muna
Trog
Uskayaw
Vehumet
Wu Jian
Xom
Yredelemnul
Zin
The Shining One

Shops:
D:2 =   D:5 *

Annotations:
D:3 3 runed translucent doors, Zonian's ghost, amateur FoSh


Message History

Your orc knight hits the seven-headed hydra with a +0 battleaxe!!
The seven-headed hydra bites you but does no damage.
The seven-headed hydra bites you! x2
The seven-headed hydra bites you but does no damage.
The seven-headed hydra closely misses you.
The seven-headed hydra bites you!
The seven-headed hydra bites you but does no damage.
The electric eel moves out of view.
You see here a komodo dragon corpse.
You swap places.
A polar bear comes into view.
Found 24 gold pieces, a scroll of identify, a pair of boots and a club.
A wolf comes into view.
Your orc knight hits the seven-headed hydra with a +0 battleaxe!
Your orc knight lops one of the seven-headed hydra's heads off!
The six-headed hydra grows two more!
The eight-headed hydra bites you.
You block the eight-headed hydra's attack.
The eight-headed hydra bites you but does no damage.
The eight-headed hydra barely misses you.
The eight-headed hydra bites you but does no damage. x2
You block the eight-headed hydra's attack.
The eight-headed hydra bites you but does no damage.
The wolf howls!
You hack one of the eight-headed hydra's heads off!
The seven-headed hydra grows two more!
You slash the nine-headed hydra!
The nine-headed hydra is lightly wounded.
Your orc knight hits the nine-headed hydra with a +0 battleaxe!!!
Your orc knight hacks one of the nine-headed hydra's heads off!
The eight-headed hydra grows two more!
The ten-headed hydra bites you!
The ten-headed hydra bites you but does no damage.
The ten-headed hydra bites you! x2
* * * LOW HITPOINT WARNING * * *
The ten-headed hydra completely misses you.
The ten-headed hydra bites you but does no damage.
The ten-headed hydra bites you!
* * * LOW HITPOINT WARNING * * *
The ten-headed hydra bites you!
* * * LOW HITPOINT WARNING * * *
The ten-headed hydra bites you.
You die...

#.# #.... .h# # #.## #.... #...
.## #..####.... #≈h≈# ..#
##.......... ≈≈≈≈≈##.#
#........... ≈~≈~≈≈#..
##....o..... ### ≈~~l≈≈#.#
##....ooo... #.. ~~≈≈≈...#
#P..##.#.... ..##### ~~≈≈SSD@##
##..#....... ......## ?$~≈≈##oo#
#..#....... .......##)[~###oo##
##.o#....... ...#
#..#####.oo.#####..o#.......
...###.....#.o####.....o.#.......
...##..........# #.##.#..........
...P##..####.o.# ######..#.......
...###..# #.o.#### ###.o........
o..##...## #...#..###.#.....†....


You could see a ten-headed hydra (mesmerising, ally target), a polar bear, a
basilisk, a wolf, 2 electric eels, 2 friendly orc knights, 2 friendly orc
warriors and 3 friendly orcs.

Vanquished Creatures
  An elephant (Lair:2)
  A black mamba (Lair:1)
  A komodo dragon (Lair:1)
  A kobold demonologist (Bailey)
  4 blink frogs
  2 basilisks
  10 yaks
  A steam dragon (Lair:2)
  2 water moccasins (Lair:1)
  2 ice beasts
  5 orc warriors
  3 black bears
  A sky beast (D:8)
  4 ogres
  A wolf (D:8)
  3 centaurs
  A phantom (D:6)
  3 bullfrogs
  2 scorpions
  5 wights (D:6)
  A howler monkey (D:5)
  3 electric eels
  7 hounds
  2 jellies
  A gnoll bouda (D:8)
  An orc priest (D:6)
  Jessica (D:3)
  4 iguanas
  5 orc wizards
  4 sleepcaps
  Robin (D:2)
  13 gnolls
  10 adders
  A shadow imp (D:8)
  2 white imps (D:7)
  An ufetubus (D:5)
  2 worms
  3 dart slugs
  22 orcs
  6 ball pythons
  11 endoplasms
  2 giant cockroaches
  21 goblins
  20 hobgoblins
  12 kobolds
  3 quokkas
  7 bats
  4 frilled lizards
  6 rats
229 creatures vanquished.

Vanquished Creatures (collateral kills)
  3 elephants (Lair:2)
  2 cane toads (Lair:1)
  A kobold demonologist (Bailey)
  A troll (D:8)
  5 blink frogs
  3 culicivoras (Lair:2)
  9 yaks
  2 water moccasins
  An ice beast (D:7)
  4 orc warriors
  A black bear (Lair:1)
  A wolf (Lair:1)
  A kobold brigand (D:8)
  4 hounds (D:8)
  An orc wizard (D:7)
  A gnoll (D:8)
  2 orcs (D:7)
  2 goblins (Bailey)
  3 hobgoblins (Bailey)
  3 kobolds (D:8)
50 creatures vanquished.

Vanquished Creatures (others)
  2 orc warriors
  2 orc priests
  2 orc wizards
  8 orcs
  An endoplasm (D:3)
15 creatures vanquished.

Grand Total: 294 creatures vanquished

Notes
Turn   | Place    | Note
-------+----------+-------------------------------------------
     0 | D:1      | avis the Hill Orc Monk began the quest for the Orb.
     0 | D:1      | Reached XP level 1. HP: 19/19 MP: 1/1
    83 | D:1      | Reached XP level 2. HP: 25/27 MP: 2/2
   286 | D:1      | Reached skill level 5 in Axes
   509 | D:1      | Reached XP level 3. HP: 31/33 MP: 3/3
   855 | D:1      | Reached skill level 6 in Axes
   855 | D:1      | Reached XP level 4. HP: 29/40 MP: 4/4
  1094 | D:2      | Noticed Robin
  1125 | D:2      | Killed Robin
  1329 | D:2      | Reached skill level 7 in Axes
  1424 | D:2      | Reached XP level 5. HP: 31/46 MP: 5/5
  1554 | D:2      | You fall into a shaft and drop 1 floor!
  1562 | D:3      | Noticed Zonian's ghost (amateur FoSh)
  1622 | D:3      | Found a runed translucent gate.
  1622 | D:3      | Found a runed translucent gate.
  1622 | D:3      | Found a runed translucent gate.
  1702 | D:3      | Identified the +0 ring mail of Youthful Indiscretion {Int+4
                  | Dex+2}
  1842 | D:2      | Found Vubosadyf's Jewellery Shoppe.
  2009 | D:3      | Found a sacrificial altar of Ru.
  2473 | D:3      | Noticed Jessica
  2481 | D:3      | Killed Jessica
  2482 | D:3      | Reached skill level 8 in Axes
  2734 | D:3      | Became a worshipper of Beogh the Brigand
  2734 | D:3      | Reached * piety under Beogh
  2734 | D:3      | Reached ** piety under Beogh
  2787 | D:3      | Reached XP level 6. HP: 52/52 MP: 6/6
  3072 | D:4      | Reached skill level 1 in Armour
  3072 | D:4      | Reached skill level 1 in Invocations
  3714 | D:5      | Entered Level 5 of the Dungeon
  3728 | D:5      | Found an opulent altar of Gozag.
  3793 | D:5      | Found a staircase to the Ecumenical Temple.
  3793 | D:5      | Noticed a black bear
  3810 | D:5      | Killed a black bear
  3844 | Temple   | Entered the Ecumenical Temple
  4231 | D:4      | Reached XP level 7. HP: 58/59 MP: 9/9
  4431 | D:5      | Reached skill level 9 in Axes
  4462 | D:5      | Reached skill level 5 in Invocations
  4562 | D:5      | Found Zin's Purification Station.
  4562 | D:5      | Found a glowing silver altar of Zin.
  4687 | D:5      | Reached XP level 8. HP: 53/66 MP: 12/12
  5269 | D:2      | Bought a beast talisman for 280 gold pieces
  5583 | D:6      | Reached skill level 10 in Axes
  5629 | D:6      | Reached skill level 1 in Shields
  5638 | D:6      | Found a broken altar of Ashenzari.
  5763 | D:6      | Reached *** piety under Beogh
  6146 | D:6      | Found a radiant altar of Vehumet.
  6173 | D:6      | Reached XP level 9. HP: 70/72 MP: 14/16
  6392 | D:6      | Reached skill level 10 in Invocations
  6395 | D:6      | Reached skill level 5 in Fighting
  6611 | D:6      | Reached skill level 11 in Axes
  7639 | D:8      | Found a flagged portal.
  7649 | Bailey   | Entered a bailey
  9360 | Bailey   | Noticed a kobold demonologist
  9363 | Bailey   | Noticed an orange demon
  9364 | Bailey   | Noticed a smoke demon
  9366 | Bailey   | Noticed an orange demon
  9367 | Bailey   | Noticed a rust devil
  9368 | Bailey   | Killed a kobold demonologist
  9989 | Bailey   | Found an iron altar of Okawaru.
  9989 | Bailey   | Noticed a kobold demonologist
  9991 | Bailey   | Noticed a smoke demon
  9995 | Bailey   | Noticed a soul eater
  9997 | Bailey   | Killed a kobold demonologist
  9998 | Bailey   | Reached skill level 12 in Axes
  9998 | Bailey   | Reached XP level 10. HP: 26/81 MP: 14/19
 10478 | D:5      | Acquired the amulet of Faod {Faith Str+3 SInv Stlth-}
 10490 | D:5      | Acquired the +16 obsidian axe {drain, demonic, Mesm Drain
                  | Fly SInv}
 10490 | D:5      | Found the +16 obsidian axe {drain, demonic, Mesm Drain Fly
                  | SInv}
 10690 | D:8      | Found a staircase to the Lair.
 10926 | D:8      | Found a stormy altar of Qazlal.
 11128 | D:8      | Reached **** piety under Beogh
 11216 | D:8      | Found an ornate altar of the Wu Jian Council.
 11598 | D:8      | Found a bloodstained altar of Trog.
 11719 | Lair:1   | Entered Level 1 of the Lair of Beasts
 11721 | Lair:1   | Noticed a cane toad
 11725 | Lair:1   | Killed a cane toad
 11726 | Lair:1   | Reached skill level 13 in Axes
 11728 | Lair:1   | Killed a cane toad
 11876 | Lair:1   | You are sucked into a shaft and drop 1 floor!
 11876 | Lair:2   | Found a hole to the Spider Nest.
 11891 | Lair:2   | Reached skill level 14 in Axes
 11893 | Lair:2   | Reached XP level 11. HP: 67/86 MP: 21/21
 11910 | Lair:2   | Reached skill level 15 in Invocations
 11941 | Lair:2   | Reached skill level 15 in Axes
 12059 | Lair:2   | Reached skill level 16 in Axes
 12069 | Lair:1   | Reached ***** piety under Beogh
 12146 | Lair:1   | Reached skill level 17 in Axes
 12333 | Lair:1   | Noticed a seven-headed hydra
 12335 | Lair:1   | HP: 1/86 [ten-headed hydra (8)]
 12335 | Lair:1   | Slain by a ten-headed hydra

Illustrated notes

Levels and vault maps discovered:
D:1:      dpeg_arrival_rooms_with_view, layout_loops_ring
D:2:      layout_rooms, serial_shops, nicolae_shop_rolling_square,
          nicolae_half_adder, uniq_robin
D:3:      minmay_thinvault, layout_loops_corners, nicolae_ru_path_of_blood,
          gammafunk_ghost_icy, kennysheep_jessica_study
D:4:      layout_loops_cross, hangedman_abyss_or_decor_stagger
D:5:      minmay_chambers_of_threes, layout_basic, grunt_gozag_breadcrumbs,
          zin_purify, minmay_temple_entry_overgrown
D:6:      layout_basic, nicolae_vehumet_radiance, nicolae_ashenzari_skybound
D:7:      layout_cave_pools
D:8:      layout_basic, mainiacjoe_overflow_large_starburst,
          lightli_temple_of_fire, erik_lair_island, enter_bailey_2
Temple:   nicolae_temple_bog_church
Lair:1:   layout_gridlike, nicolae_volcano_entry_s_turn,
          pdpol_lair_cavern_descent, serial_bayou_shore_b
Lair:2:   layout_layer_cave, minmay_shoals_entry_centaurs,
          hellmonk_spider_entry_life_and_decay, uniq_urug

Skill      XL: |  1  2  3  4  5  6  7  8  9 10 11 |
---------------+----------------------------------+-----
Axes           | 5 6 7 8 9 10 12 14 17 | 17.4
Fighting       | 4 5 |  5.0
Armour         | 2 3 |  3.0
Invocations    | 3 6 9 12 14 15 | 15.0
Shields        | 2 3 |  3.0
Dodging        | 3 |  3.0

Action                     |  1- 3 |  4- 6 |  7- 9 | 10-12 || total
---------------------------+-------+-------+-------+-------++-------
  Melee: Hand axe          |    73 |   339 |   115 |       ||   527
         War axe           |       |       |   151 |       ||   151
         Broad axe         |       |       |    38 |   123 ||   161
  Throw: Dart              |       |       |     1 |       ||     1
 Invoke: Convert to Beogh  |       |     1 |       |       ||     1
         Smiting           |       |       |     4 |     4 ||     8
         Recall Orcish Fol |       |       |       |     1 ||     1
Ability: Begin Untransform |       |       |     2 |       ||     2
  Evoke: Wand              |       |       |     4 |       ||     4
    Use: Scroll            |       |     6 |     2 |     3 ||    11
         Potion            |       |       |       |     1 ||     1
   Stab: Invisible         |       |       |     3 |       ||     3
         Distracted        |       |       |     2 |       ||     2
 Armour: Ring mail         |    16 |    55 |    42 |       ||   113
         Robe              |     1 |       |       |       ||     1
         Plate armour      |       |   136 |    73 |    68 ||   277
  Dodge: Dodged            |    33 |    79 |   105 |    36 ||   253
  Block: Buckler           |    11 |    52 |    41 |    31 ||   135
   Form: Beast             |       |       |     2 |       ||     2

Table legend: (Time is in decaauts)
 A = Elapsed time spent in this place.
 B = Non-inter-level travel time spent in this place.
 C = Inter-level travel time spent in this place.
 D = Time resting spent in this place.
 E = Time spent auto-exploring this place.
 F = Levels seen in this place.
 G = Mean time per level.
                   A        B        C        D        E       F      G
               +--------+--------+--------+--------+--------+-----+--------+
         Total |  12343 |  11312 |   1031 |   3133 |   4336 |  12 | 1028.6 |
       Dungeon |   8696 |   7673 |   1023 |   1131 |   3983 |   8 | 1087.0 |
        Temple |    409 |    401 |      8 |      0 |    289 |   1 |  409.0 |
          Lair |    603 |    603 |      0 |      0 |     64 |   2 |  301.5 |
        Bailey |   2633 |   2633 |      0 |   2002 |      0 |   1 | 2633.0 |
               +--------+--------+--------+--------+--------+-----+--------+

Top non-repeatable levels by time:
  Bailey: 2633 daAuts
     D:6: 1527 daAuts
     D:3: 1486 daAuts
     D:5: 1317 daAuts
     D:8: 1209 daAuts
     D:1: 985 daAuts
     D:2: 777 daAuts
     D:4: 763 daAuts
     D:7: 630 daAuts
  Lair:1: 419 daAuts
  Temple: 409 daAuts
  Lair:2: 184 daAuts
